 Dungeon Crawl Stone Soup version 0.30-b1-5-g8e6c1be481 (webtiles) character file.

Game seed: 14329586702152965764

11617 wingedge the Stinger (level 11, -1/88 HPs)
             Began as a Demigod Wanderer on May 4, 2023.
             Slain by a black mamba (16 damage)
             ... on level 1 of the Lair of Beasts.
             The game lasted 01:18:43 (13020 turns).

wingedge the Stinger (Demigod Wanderer)            Turns: 13020, Time: 01:18:44

Health: -1/88      AC:  9    Str: 17    XL:     11   Next: 27%
Magic:  13/23      EV: 11    Int: 22    God:
Gold:   395        SH:  0    Dex: 13    Spells: 3/21 levels left

rFire   + . .        a - +5 battleaxe (flame)
rCold   + . .        (shield currently unavailable)
rNeg    + . .        j - +1 ring mail {Will+}
rPois   .            P - +1 hat of Imouttopp {rElec rF+}
rElec   +            G - +0 cloak
rCorr   .            J - +0 pair of gloves
SInv    .            (no boots)
Will    ++...        F - amulet of magic regeneration
Stlth   +            d - ring of positive energy
HPRegen 0.34/turn    E - ring of protection from cold
MPRegen 0.58/turn

%: no passive effects
@: very slightly contaminated
A: high MP 1, forlorn, divine attributes
a: no special abilities


You were on level 1 of the Lair of Beasts.
You visited 3 branches of the dungeon, and saw 12 of its levels.
You also visited: Sewer.

You collected 505 gold pieces.
You spent 110 gold pieces at shops.

Inventory:

Hand Weapons
 a - a +5 battleaxe of flaming (weapon)
 b - a +5 scimitar of freezing
 c - the +2 halberd "Dragonslayer" {flame, *Rage rC- rN+++ MP+9}
   (You found it on level 5 of the Dungeon)

   rC:        It makes you vulnerable to cold.
   rN:        It renders you almost immune to negative energy.
   MP:        It affects your magic capacity (+9).
   *Rage:     It berserks you when you make melee attacks (+20% chance).
 v - a +3 flail of venom
Missiles
 w - 5 javelins (quivered)
 K - 15 poisoned darts
Armour
 j - a +1 ring mail of willpower (worn)
 q - a +0 ring mail of fire resistance
 G - a +0 cloak (worn)
 J - a +0 pair of gloves (worn)
 L - a +0 kite shield
 P - the +1 hat of Imouttopp (worn) {rElec rF+}
   (You found it on level 1 of the Lair of Beasts)

   rF:        It protects you from fire.
   rElec:     It insulates you from electricity.
Jewellery
 d - a ring of positive energy (left hand)
 E - a ring of protection from cold (right hand)
 F - an amulet of magic regeneration (around neck)
 N - a ring of ice
Wands
 s - a wand of flame (61)
 H - a wand of roots (25)
Scrolls
 e - a scroll of blinking
 f - a scroll of identify
 g - 3 scrolls of poison
 h - 5 scrolls of teleportation
 x - 2 scrolls of vulnerability
 y - 2 scrolls of immolation
 A - 2 scrolls of magic mapping
 B - 2 scrolls of fog
 C - a scroll of brand weapon
 D - a scroll of fear
Potions
 i - a potion of mutation
 k - 2 potions of lignification
 l - 6 potions of curing
 n - 2 potions of magic {unknown}
 o - 2 potions of might
 p - 2 potions of brilliance {unknown}
 r - a potion of flight {unknown}
 t - a potion of berserk rage
 u - 2 potions of resistance {unknown}
 z - a potion of haste {unknown}
 I - a potion of ambrosia {unknown}
 M - a potion of cancellation {unknown}
 O - a potion of attraction {unknown}


   Skills:
 + Level 5.6 Fighting
 - Level 4.0(5.0) Axes
 - Level 4.4(5.2) Maces & Flails
 - Level 2.0 Throwing
 - Level 3.0 Armour
 + Level 2.3 Dodging
 + Level 5.6 Spellcasting
 - Level 6.0 Conjurations
 - Level 6.0 Necromancy
 - Level 3.0 Transmutations
 - Level 3.0 Air Magic
 - Level 6.0 Earth Magic
 + Level 6.4 Poison Magic


You had 3 spell levels left.
You knew the following spells:

 Your Spells              Type           Power      Damage    Failure   Level
a - Sting                 Tmut/Pois      100%       1d8       2%          1
b - Animate Dead          Necr           32%        N/A       14%         4
c - Necrotise             Necr           100%       1d9       1%          1
d - Poisonous Vapours     Pois/Air       52%        N/A       3%          2
e - Stone Arrow           Conj/Erth      64%        3d11      4%          3
f - Vampiric Draining     Necr           32%        2d8       4%          3
g - Olgreb's Toxic Radia  Pois           34%        N/A       12%         4

Your spell library contained the following spells:

 Spells                   Type           Power      Damage    Failure   Level
 Sandblast                Erth           64%        2d14      1%          1
 Foxfire                  Conj/Fire      76%        2x1d7     4%          1
 Passwall                 Tmut/Erth      20%        N/A       4%          2
 Summon Small Mammal      Summ           24%        N/A       17%         1
 Call Canine Familiar     Summ           6%         N/A       45%         3
 Summon Guardian Golem    Hex/Summ       6%         N/A       45%         3
 Agony                    Necr           32%        N/A       38%         5
 Animate Armour           Summ/Erth      38%        N/A       45%         4
 Fireball                 Conj/Fire      9%         3d6       80%         5
 Plasma Beam              Fire/Air       6%         2x1d18    100%        6
 Starburst                Conj/Fire      9%         6d5       100%        6
 Lehudib's Crystal Spear  Conj/Erth      16%        10d5      100%        8


Dungeon Overview and Level Annotations

Branches:
Dungeon (10/15)            Temple (1/1) D:7            Lair (1/5) D:8
    Orc (0/2) D:9           Sewer (visited)

Shops:
D:9 :


Innate Abilities, Weirdness & Mutations

You have an increased reservoir of magic. (+10% MP)
You shall have no god before yourself.
Your divine heritage dramatically boosts your attributes as you level up.


Message History

The wolf barely misses you. The black mamba bites you. The wolf bites you.
The wolf barely misses you.
Casting: Stone Arrow (mildly dangerous; 4% risk of failure)
Confirm with . or Enter, or press ? or * to list all spells.
Aiming: Stone Arrow (mildly dangerous; 4% risk of failure)
Press: ? - help, Shift-Dir - straight line, f/p - black mamba
Aim: a black mamba (heavily wounded, 57% to hit)
The stone arrow misses the black mamba.
You feel very sick. The black mamba bites you!
* * * LOW HITPOINT WARNING * * *
The wolf barely misses you. The wolf bites you but does no damage.
The black mamba misses you. The wolf misses you.
You feel better. The wolf barely misses you. The black mamba barely misses you.
The wolf bites you but does no damage. The wolf closely misses you.
The black mamba bites you!
* * * LOW HITPOINT WARNING * * *
The wolf barely misses you.
You hit the wolf. You burn the wolf.
The wolf is almost dead.
You slash the wolf! You burn the wolf.
You kill the wolf!
You slash the black mamba! You burn the black mamba.
The black mamba misses you. The wolf bites you.
* * * LOW HITPOINT WARNING * * *
The black mamba bites you but does no damage.
The wolf bites you.
* * * LOW HITPOINT WARNING * * *
The black mamba closely misses you.
You feel much better. The wolf completely misses you.
The black mamba barely misses you. The wolf bites you.
* * * LOW HITPOINT WARNING * * *
You closely miss the wolf.
The wolf is almost dead.
You closely miss the black mamba.
You kill the wolf!
The black mamba bites you.
* * * LOW HITPOINT WARNING * * *
The black mamba bites you!
You die...

.# ......... ...
...####.......# ...#
#.............. ..).#
#............# .....##.#
#.<.....#
.....>..###.......# #
...[..............##. ##
#......S............. .#
#.....@.............. .###
##..................... .†.#
##....................
...### ##......#...........
P....## ####.#.#....#....#
##....### #####..##...P#
##P....## ##..#....#
####...#### #........#
##...#.########........#####


You could see a black mamba.

Vanquished Creatures
  Pikel (D:9)
  A black mamba (Lair:1)
  2 cane toads (Lair:1)
  A komodo dragon (Lair:1)
  A rime drake (D:8)
  3 unseen horror zombies (D:9)
  A troll (D:10)
  2 polar bears (D:8)
  A hornet (D:10)
  A spriggan (D:7)
  8 yaks
  A basilisk (Lair:1)
  2 steam dragons
  A human (D:9)
  Edmund (D:4)
  2 acid dragons
  5 water moccasins
  2 orc warriors (D:9)
  4 black bears
  A sky beast (D:7)
  6 ice beasts
  7 wolves
  5 ogres
  2 centaurs
  3 lemures (D:9)
  A phantom (D:4)
  4 bullfrogs
  2 kobold brigands (D:9)
  A gnoll sergeant (D:7)
  2 scorpions
  16 wights
  4 killer bees (D:9)
  2 howler monkeys
  2 jellies (D:5)
  A centaur zombie (D:9)
  2 hounds (D:5)
  7 orc priests
  Crazy Yiuf (D:2)
  A gnoll bouda (D:5)
  4 sleepcaps (D:5)
  6 iguanas
  Natasha (thrice) (D:2)
  3 orc wizards
  Terence (D:3)
  11 gnolls
  4 adders
  A white imp (D:6)
  A worm (D:2)
  3 dart slugs
  21 orcs
  6 endoplasms
  13 giant cockroaches
  5 goblins
  9 hobgoblins
  5 jackals (D:1)
  5 quokkas
  4 ball pythons
  12 bats
  2 frilled lizards
  10 kobolds
  6 rats
245 creatures vanquished.

Vanquished Creatures (collateral kills)
  A cyclops (D:8)
  A killer bee zombie (D:9)
  2 orcs (D:9)
4 creatures vanquished.

Vanquished Creatures (others)
  A hornet zombie (D:10)
  An acid dragon zombie (D:10)
  5 orc zombies (D:9)
  A fungus (Lair:1)
  2 withered plants (D:9)
10 creatures vanquished.

Grand Total: 259 creatures vanquished

Notes
Turn   | Place    | Note
-------+----------+-------------------------------------------
     0 | D:1      | wingedge the Demigod Wanderer began the quest for the Orb.
     0 | D:1      | wingedge set off with the following items: a +2 mace, a +0
                  | hand axe, 12 poisoned darts, a +0 dagger, a scroll of
                  | blinking, a +0 leather armour.
     0 | D:1      | Reached XP level 1. HP: 17/17 MP: 3/3
   385 | D:1      | Reached XP level 2. HP: 24/24 MP: 4/4
   699 | D:1      | You fall into a shaft and drop 1 floor!
   916 | D:2      | Noticed Natasha
   928 | D:2      | Reached XP level 3. HP: 20/29 MP: 5/5
  1340 | D:2      | HP: 1/29 [Natasha/magic dart (6)]
  1341 | D:2      | Killed Natasha
  1342 | D:2      | Reached skill level 1 in Poison Magic
  1342 | D:2      | Reached XP level 4. HP: 2/36 MP: 6/6
  1541 | D:2      | Noticed Natasha
  1548 | D:2      | Killed Natasha
  1593 | D:2      | Noticed Natasha
  1601 | D:2      | Killed Natasha
  1602 | D:2      | Reached skill level 1 in Transmutations
  1604 | D:2      | Learned a level 1 spell: Sting
  2034 | D:3      | Noticed Terence
  2043 | D:3      | Killed Terence
  2044 | D:3      | Reached XP level 5. HP: 14/41 MP: 0/8
  3042 | D:4      | Noticed an ogre
  3050 | D:4      | Killed an ogre
  3051 | D:4      | Reached skill level 1 in Spellcasting
  3530 | D:4      | Reached XP level 6. HP: 23/48 MP: 1/10
  3652 | D:4      | Learned a level 1 spell: Sandblast
  3758 | D:4      | Learned a level 1 spell: Necrotise
  3935 | D:4      | Reached skill level 1 in Earth Magic
  4058 | D:4      | Noticed Edmund
  4112 | D:4      | Killed Edmund
  4271 | D:5      | Entered Level 5 of the Dungeon
  4316 | D:5      | Reached XP level 7. HP: 48/55 MP: 7/13
  4380 | D:5      | Reached skill level 1 in Necromancy
  4932 | D:5      | Identified the +2 halberd "Dragonslayer" {flame, *Rage rC-
                  | rN+++ MP+9}
  5049 | D:5      | Learned a level 2 spell: Poisonous Vapours
  5154 | D:5      | Reached skill level 1 in Conjurations
  5154 | D:5      | Reached skill level 1 in Air Magic
  5488 | D:5      | Reached XP level 8. HP: 49/62 MP: 12/15
  6423 | D:6      | Found a glowing drain.
  6448 | Sewer    | Entered a sewer
  6568 | Sewer    | Learned a level 3 spell: Stone Arrow
  6572 | Sewer    | Learned a level 3 spell: Vampiric Draining
  8090 | D:7      | Reached skill level 5 in Earth Magic
  8090 | D:7      | Reached XP level 9. HP: 59/69 MP: 2/16
  8273 | D:2      | Found a runed translucent door.
  8274 | D:2      | Noticed Crazy Yiuf
  8279 | D:2      | Killed Crazy Yiuf
  8769 | D:7      | Found a staircase to the Ecumenical Temple.
  8804 | Temple   | Entered the Ecumenical Temple
  8891 | D:7      | Reached skill level 5 in Conjurations
  9133 | D:8      | Noticed a cyclops
  9134 | D:8      | Noticed a rime drake
  9611 | D:8      | Reached skill level 5 in Necromancy
  9696 | D:8      | Found a staircase to the Lair.
  9849 | D:8      | Reached XP level 10. HP: 62/77 MP: 10/19
 10181 | D:8      | Learned a level 4 spell: Olgreb's Toxic Radiance
 10293 | D:8      | Killed a cyclops
 10865 | D:9      | Reached skill level 5 in Poison Magic
 10907 | D:9      | Found Gafeunga's Tiny Tomes.
 10919 | D:9      | Bought Kikubaaqudgha's Tome of the Autopsy for 110 gold
                  | pieces
 10924 | D:9      | Learned a level 4 spell: Animate Dead
 11425 | D:9      | Reached skill level 5 in Spellcasting
 11534 | D:9      | Noticed Pikel
 11547 | D:9      | Killed Pikel
 11876 | D:9      | Found a staircase to the Orcish Mines.
 11884 | D:9      | Reached XP level 11. HP: 49/85 MP: 13/22
 12024 | D:10     | Entered Level 10 of the Dungeon
 12067 | D:10     | Reached skill level 5 in Fighting
 12300 | D:10     | Noticed a skeletal warrior
 12301 | D:10     | Noticed a skeletal warrior
 12379 | Lair:1   | Entered Level 1 of the Lair of Beasts
 12468 | Lair:1   | Reached skill level 1 in Dodging
 12592 | Lair:1   | Identified the +1 hat of Imouttopp {rElec rF+}
 13018 | Lair:1   | HP: 4/88 [wolf (5)]
 13020 | Lair:1   | Slain by a black mamba

Illustrated notes

Levels and vault maps discovered:
D:1:      co_arrival_random_square_maze, layout_loops_ring, minmay_fountain_box
D:2:      layout_rooms, hellmonk_ecumenical_altar_lost_god,
          uniq_crazy_yiuf_cottage, uniq_natasha
D:3:      minmay_roachtagon, layout_loops_corners, uniq_terence
D:4:      layout_basic, uniq_edmund
D:5:      minmay_razor_zed, layout_loops_ring, nicolae_qazlal_general_emergency,
          hellmonk_no_cap
D:6:      layout_gridville, mainiacjoe_overflow_six_doors_small,
          portal_sewer_entry_a
D:7:      layout_cave_pods, mainiacjoe_overflow_tiny_flanked,
          minmay_temple_entry_ruins, the_hattery
D:8:      layout_loops_ring, elyvilon_altar_3, hellmonk_lair_entry_icy
D:9:      layout_stronghold, kennysheep_mini, erik_orc_4, serial_undead,
          serial_undead_c, serial_undead_d, serial_undead_e, serial_undead_e,
          serial_undead_b, serial_undead_b, nicolae_shop_i_like_small_books_too,
          uniq_pikel
D:10:     layout_rooms, uniq_nergalle
Temple:   sentei_temple_godly_chess
Lair:1:   layout_hall_layers, lemuel_centaur_altar

Skill      XL: |  1  2  3  4  5  6  7  8  9 10 11 |
---------------+----------------------------------+-----
Throwing       | 2 |  2.0
Fighting       | 2 3 4 5 |  5.6
Maces & Flails | 2 3 4 |  4.4
Poison Magic   | 1 2 3 4 5 6 |  6.4
Transmutations | 1 2 3 |  3.0
Axes           | 3 4 |  4.0
Spellcasting   | 1 2 3 5 |  5.6
Earth Magic    | 2 3 5 6 |  6.0
Necromancy     | 2 3 5 6 |  6.0
Conjurations   | 1 4 5 6 |  6.0
Air Magic      | 1 3 |  3.0
Armour         | 3 |  3.0
Dodging        | 2 |  2.3

Action                     |  1- 3 |  4- 6 |  7- 9 | 10-12 || total
---------------------------+-------+-------+-------+-------++-------
  Melee: Mace              |    84 |    50 |       |       ||   134
         Hand axe          |       |    13 |       |       ||    13
         Punch             |       |     2 |     2 |       ||     4
         Flail             |       |     4 |   145 |       ||   149
         Halberd           |       |       |    13 |       ||    13
         Battleaxe         |       |       |     4 |    34 ||    38
  Throw: Dart              |    28 |    12 |       |       ||    40
         Throwing net      |       |     1 |     1 |       ||     2
   Cast: Sting             |       |    80 |    27 |     1 ||   108
         Sandblast         |       |       |     7 |       ||     7
         Necrotise         |       |       |    30 |       ||    30
         Stone Arrow       |       |       |    86 |   105 ||   191
         Vampiric Draining |       |       |     5 |     4 ||     9
         Poisonous Vapours |       |       |     4 |    14 ||    18
         Olgreb's Toxic Ra |       |       |       |    11 ||    11
         Animate Dead      |       |       |       |     4 ||     4
  Evoke: Wand              |       |     3 |     4 |       ||     7
    Use: Scroll            |       |     4 |     8 |     7 ||    19
         Potion            |       |     3 |     1 |     2 ||     6
   Stab: Held in net/web   |       |     1 |     1 |       ||     2
 Armour: Leather armour    |     2 |       |       |       ||     2
         Ring mail         |    60 |    49 |   103 |    58 ||   270
         Skin              |       |     6 |       |       ||     6
  Dodge: Dodged            |    63 |    45 |   158 |    73 ||   339
